Map: Odyssey LE

Players

MMA

  • Race: Terran Terran
  • League: Diamond
  • Spawn Location: 11:00

Harstem - Winner!

  • Race: Protoss Protoss
  • League: Master
  • Spawn Location: 5:00

Event: HomeStory Cup XVI

VOD

Have the link to the VOD?

Description

Time

  • Played on: Nov. 9, 2017, 6:54 a.m.
  • Length: 7:24

All games in this series

Show
View Real Time Build Order
Export as new Build Order

MMA Terran 

Build Orders: Reaper Expand 

Get SALT Encoding   

  12  0:00  SCV  
  13  0:13  SCV  
  14  0:16  Supply Depot  
  14  0:25  SCV  
  15  0:38  SCV  
  15  0:39  Barracks  
  16  0:43  Refinery  
  16  0:50  SCV  
  17  1:02  SCV  
  18  1:14  SCV  
  19  1:27  Reaper, Orbital Command  
  20  1:44  Command Center  
  20  1:54  SCV  
  21  2:00  Barracks Reactor  
  21  2:03  Barracks  
  21  2:06  SCV  
  22  2:10  Supply Depot  
  22  2:18  SCV  
  23  2:23  Engineering Bay  
  23  2:32  SCV  
  24  2:44  SCV, Marine x2  
  27  2:51  Barracks Tech Lab  
  27  2:53  Terran Infantry Weapons Level 1  
  27  2:56  SCV  
  28  3:01  Marine  
  28  3:02  Marine  
  30  3:08  SCV  
  30  3:12  Stimpack  
  31  3:20  Orbital Command, Marine x3  
  31  3:25  Supply Depot  
  34  3:27  SCV  
  35  3:38  Marine x3  
  35  3:39  SCV  
  39  3:44  Factory  
  39  3:47  SCV  
  40  3:51  SCV  
  40  3:55  Marine x3  
  40  3:56  Refinery  
  40  3:57  Refinery  
  40  4:00  SCV  
  44  4:04  SCV  
  44  4:06  Barracks  
  45  4:12  SCV  
  45  4:15  Supply Depot  
  45  4:16  SCV  
  47  4:24  SCV  
  48  4:28  Starport, SCV, Factory Reactor  
  49  4:31  Refinery  
  49  4:32  Supply Depot  
  49  4:36  Marauder, SCV  
  52  4:40  SCV  
  53  4:46  Supply Depot  
  53  4:48  SCV  
  53  4:52  SCV  
  55  4:56  Marine x2  
  55  4:57  Marauder, Barracks Tech Lab  
  59  5:00  Terran Infantry Armor Level 1, SCV  
  59  5:04  SCV  
  61  5:12  SCV  
  61  5:13  Viking  
  61  5:14  Medivac  
  64  5:16  SCV  
  65  5:24  SCV  
  65  5:25  Marauder  
  65  5:26  Supply Depot  
  65  5:28  Marauder, SCV  
  64  5:32  Marine x2  
  67  5:46  Marauder  
  67  5:49  Marauder  
  69  5:50  Medivac x2  
  69  5:52  SCV x2  
  75  6:07  Concussive Shells, Marine x2  
  75  6:08  Command Center  
  79  6:11  Liberator  
  79  6:12  Liberator  
  79  6:16  Marauder x2  
  79  6:17  Supply Depot  
  81  6:25  Barracks  
  78  6:27  Marine x2  
  85  6:35  Barracks  
  85  6:39  SCV  
  86  6:42  Marauder x2  
  72  6:54  Marine  
  72  7:01  Marine  
  64  7:03  Marauder x2  
  68  7:10  SCV  
Show
View Real Time Build Order
Export as new Build Order

Harstem Protoss - Winner!

Build Orders: 1 Gate Expand 

Get SALT Encoding   

  1  0:00  Probe (Chrono Boost)  
  12  0:04  Probe (Chrono Boost)  
  14  0:17  Pylon  
  14  0:24  Probe (Chrono Boost)  
  16  0:36  Gateway, Probe (Chrono Boost)  
  16  0:48  Assimilator, Probe (Chrono Boost)  
  17  1:00  Probe (Chrono Boost)  
  19  1:13  Probe (Chrono Boost)  
  19  1:24  Nexus  
  19  1:25  Probe (Chrono Boost)  
  20  1:34  Cybernetics Core  
  20  1:38  Probe (Chrono Boost)  
  21  1:42  Assimilator  
  21  1:50  Probe (Chrono Boost)  
  21  1:52  Pylon  
  22  2:00  Adept  
  23  2:01  Probe (Chrono Boost)  
  23  2:07  Probe (Chrono Boost)  
  23  2:12  Warp Gate  
  26  2:16  Probe (Chrono Boost)  
  27  2:26  Robotics Facility  
  27  2:29  Probe (Chrono Boost)  
  28  2:34  Adept  
  30  2:39  Probe (Chrono Boost)  
  30  2:42  Probe (Chrono Boost)  
  32  2:49  Probe (Chrono Boost)  
  33  2:54  Probe (Chrono Boost)  
  33  2:55  Probe (Chrono Boost)  
  34  3:02  Pylon  
  34  3:05  Probe (Chrono Boost)  
  37  3:06  Probe (Chrono Boost)  
  37  3:12  Observer  
  39  3:13  Robotics Bay  
  39  3:17  Probe (Chrono Boost)  
  39  3:19  Probe (Chrono Boost)  
  40  3:23  Adept  
  40  3:25  Warp Prism  
  42  3:29  Probe (Chrono Boost)  
  46  3:34  Probe (Chrono Boost)  
  46  3:38  Shield Battery  
  47  3:41  Probe (Chrono Boost)  
  47  3:46  Probe (Chrono Boost)  
  48  3:51  Gateway  
  48  3:53  Probe (Chrono Boost)  
  49  3:57  Disruptor  
  49  3:58  Probe (Chrono Boost)  
  49  4:00  Gravitic Drive  
  50  4:03  Assimilator  
  50  4:04  Pylon  
  50  4:06  Probe (Chrono Boost)  
  50  4:08  Assimilator  
  54  4:11  Pylon  
  54  4:17  Shield Battery  
  54  4:22  Gateway  
  54  4:23  Probe x2 (Chrono Boost)  
  56  4:33  Disruptor  
  56  4:36  Adept, Probe x2 (Chrono Boost)  
  63  4:47  Pylon  
  63  4:48  Probe x2 (Chrono Boost)  
  64  4:56  Gateway  
  64  4:57  Gateway, Sentry  
  66  5:01  Pylon  
  66  5:13  Disruptor  
  69  5:18  Gateway  
  69  5:19  Gateway  
  69  5:21  Pylon  
  69  5:25  Probe (Chrono Boost)  
  70  5:29  Stalker, Sentry x2  
  70  5:32  Shield Battery  
  70  5:35  Pylon x2  
  76  5:36  Pylon  
  76  5:40  Warp Prism  
  74  5:52  Stalker x2  
  74  5:53  Stalker  
  79  6:02  Stalker x2  
  83  6:04  Pylon  
  83  6:05  Disruptor  
  83  6:13  Stalker  
  83  6:16  Stalker x2  
  92  6:27  Adept x3  
  92  6:29  Pylon  
  98  6:36  Adept  
  98  6:37  Adept  
  102  6:42  Adept x2  
  104  6:54  Stalker x3  
  104  7:00  Stalker x2, Probe (Chrono Boost)  
  113  7:10  Stalker x2  
  117  7:20  Stalker x3  
Tags
 
Add a new tag
Caveats
  • Supply blocks, unpowered buildings, or Contaminate may cause inaccurate times.
  • Supply counts are checked every 10 seconds.